AoeStats
← AJ0

Arabia

510730722Analyzed
1v1 RM · 12h ago on Oct 2, 2026· 24m 6s· 2 players
Game mode
Random Map
Map size
Tiny (2 player)
Population
200
Speed
Normal
Resources
Standard
Victory
Conquest
Starting age
Dark Age
Ending age
Imperial Age
RankedLock teamsTeams togetherTeam positionsShared explorationLock speedFull tech treeHidden civsTurbo modeCheats
Victory
Defeat
🇪🇸 Maya · Spain
1130
+18
🇨🇴 Mongols · Colombia
1176
-18
The Funky Worm
0:26 Loom
9:34 Feudal Age
9:38 Man-at-Arms
16:09 Fletching
23:26 Castle Age
21:53 Padded Archer Armor
22:09 Double-Bit Axe
23:31 Crossbowman
24:12 Bodkin Arrow
AJ0
6:12 Loom
8:48 Feudal Age
9:46 Double-Bit Axe
Connection lost

Rejoining the realm…

Still unreachable

The connection could not be restored.

Session expired

The server has moved on; the page needs a fresh start.